 Dungeon Crawl Stone Soup version 0.32-a0-918-g0f22ef8d61 (webtiles) character file.

Game seed: 5127588988611499407

292 ragingrage the Shooter (level 6, -9/44 HPs)
             Began as a Coglin Hunter on Apr 11, 2024.
             Mangled by an ice beast (11 damage)
             ... on level 4 of the Dungeon.
             The game lasted 00:01:42 (2466 turns).

ragingrage the Shooter (Coglin Hunter)              Turns: 2466, Time: 00:01:43

Health: -9/44      AC:  3    Str: 11    XL:     6   Next: 33%
Magic:  6/6        EV: 11    Int:  8    God:
Gold:   106        SH:  0    Dex: 20    Spells: 5/5 levels left

rFire   . . .        a - +2 sling {Leofdaeg}
rCold   . . .        d - +0 sling {Hori}
rNeg    . . .        c - +0 leather armour
rPois   .            (no helmet)
rElec   .            (no cloak)
rCorr   .            (no gloves)
SInv    .            (no boots)
Will    .....        (amulet unavailable)
Stlth   ++           (ring unavailable)
HPRegen 0.27/turn    (ring unavailable)
MPRegen 0.10/turn    (no gizmo)

%: no passive effects
@: revved
A: off-hand wielding, slow wielding, warmup strikes, no jewellery
a: Invent Gizmo


You were on level 4 of the Dungeon.
You visited 1 branch of the dungeon, and saw 4 of its levels.

You collected 106 gold pieces.

Inventory:

Hand Weapons
 a - a +2 sling (weapon) {Leofdaeg}
 d - a +0 sling (offhand) {Hori}
Missiles
 q - 3 poisoned darts
Armour
 c - a +0 leather armour (worn)
Wands
 r - a wand of roots (8)
 t - a wand of charming (11)
Scrolls
 b - a scroll of butterflies
 e - 4 scrolls of identify {unknown}
 f - 3 scrolls of amnesia {unknown}
 g - a scroll of vulnerability {unknown}
 o - 2 scrolls of enchant weapon {unknown}
 p - a scroll of enchant armour {unknown}
 s - a scroll of immolation {unknown}
Potions
 h - 2 potions of curing {unknown}
 i - a potion of haste {unknown}
 j - 2 potions of might {unknown}
 k - 3 potions of heal wounds {unknown}
 l - 2 potions of lignification {unknown}
 m - a potion of ambrosia {unknown}
 n - a potion of degeneration {unknown}


   Skills:
 - Level 2.0 Fighting
 + Level 6.8 Ranged Weapons
 - Level 1.7 Dodging
 - Level 0.7 Stealth


You had 5 spell levels left.
You didn't know any spells.
Your spell library contained the following spells:

 Spells                   Type           Power      Damage    Failure   Level
 Call Imp                 Summ           0%         N/A       65%         2
 Lesser Beckoning         Tloc           0%         N/A       65%         2
 Sublimation of Blood     Necr           0%         N/A       65%         2
 Maxwell's Portable Pile  Tloc           0%         2d(5-13)  86%         3
 Teleport Other           Tloc           0%         N/A       86%         3
 Summon Hydra             Summ           0%         N/A       100%        7


Dungeon Overview and Level Annotations

Branches:
Dungeon (4/15)
 Temple: D:4-7

Altars:
Cheibriados
Uskayaw

Shops:
D:2 ::*[(


Innate Abilities, Weirdness & Mutations

You can wield a second weapon in your off-hand.
It takes a long time for you to wield or remove held weapons.
Your first few attacks do less damage.
You cannot equip rings or amulets.


Message History

The sling bullet hits the ice beast but does no damage.
You shoot a sling bullet.
The sling bullet hits the ice beast but does no damage.
You shoot a sling bullet. The sling bullet hits the ice beast.
You shoot a sling bullet.
The sling bullet hits the ice beast but does no damage.
You shoot a sling bullet.
The sling bullet completely misses the ice beast.
You shoot a sling bullet.
The sling bullet closely misses the ice beast.
You shoot a sling bullet. The sling bullet hits the ice beast.
The ice beast hits you but does no damage.
The ice beast hits you. The ice beast freezes you!
You shoot a sling bullet. The sling bullet hits the ice beast.
You shoot a sling bullet.
The sling bullet barely misses the ice beast.
The ice beast hits you. The ice beast freezes you!
You are too injured to fight recklessly!
You shoot a sling bullet. The sling bullet hits the ice beast.
You shoot a sling bullet.
The sling bullet hits the ice beast but does no damage.
The ice beast hits you. The ice beast freezes you!
* * * LOW HITPOINT WARNING * * *
Aiming: Fastroot
Press: ? - help, Shift-Dir - straight line, f/p - ice beast
Aim: an ice beast (heavily wounded)
The roots erupt in riotous growth!
Roots grab the ice beast.
The grasping roots constrict the ice beast.
You hear an angry hiss.
You hear a shout! x2
The ice beast closely misses you.
You shoot a sling bullet.
The sling bullet hits the ice beast but does no damage.
You shoot a sling bullet.
The sling bullet completely misses the ice beast.
The grasping roots constrict the ice beast.
The ice beast hits you.
* * * LOW HITPOINT WARNING * * *
The ice beast freezes you!
You die...

#.......
#......
##..#... ##
....... ..# .
..##....##..#..
.............#
............##.
. #@....... #
#....Y........
#.............
#..............
.
...#....##.....
. .. #...##
..... . . ##..
.... . #). ..#.


You could see an ice beast (rooted).

Vanquished Creatures
  A scorpion (D:3)
  2 bombardier beetles
  A gnoll bouda (D:3)
  3 gnolls
  3 adders (D:3)
  3 ribbon worms (D:3)
  2 dart slugs
  2 orcs
  3 bats
  6 endoplasms
  3 giant cockroaches
  11 goblins
  5 hobgoblins
  8 quokkas
  4 ball pythons
  3 frilled lizards
  6 kobolds
  5 rats
71 creatures vanquished.

Notes
Turn   | Place    | Note
-------+----------+-------------------------------------------
     0 | D:1      | ragingrage the Coglin Hunter began the quest for the Orb.
     0 | D:1      | Reached XP level 1. HP: 16/16 MP: 1/1
    90 | D:1      | Reached skill level 4 in Ranged Weapons
    90 | D:1      | Reached XP level 2. HP: 22/22 MP: 2/2
   630 | D:2      | Found Pollui's Book Emporium.
   658 | D:2      | Reached XP level 3. HP: 27/27 MP: 3/3
   775 | D:2      | Found Benwits's Antique Weapon Emporium.
   837 | D:2      | Found Asaodamu's Armour Boutique.
   863 | D:2      | Found Peys's Book Shop.
   922 | D:2      | Found Wuytz's General Store.
  1246 | D:3      | Found a hide-covered altar of Uskayaw.
  1394 | D:3      | Found a snail-covered altar of Cheibriados.
  1417 | D:3      | Reached skill level 5 in Ranged Weapons
  1417 | D:3      | Reached XP level 4. HP: 27/33 MP: 4/4
  1659 | D:3      | Reached XP level 5. HP: 38/38 MP: 5/5
  2155 | D:4      | Reached skill level 6 in Ranged Weapons
  2245 | D:4      | Noticed a black bear
  2255 | D:3      | Reached XP level 6. HP: 44/44 MP: 6/6
  2455 | D:4      | Noticed an ice beast
  2466 | D:4      | HP: 2/44 [ice beast (3)]
  2466 | D:4      | Mangled by an ice beast

Illustrated notes

Levels and vault maps discovered:
D:1:      heliophobic_arrival_dark_side_of_the_moon, layout_basic,
          hex_intersection
D:2:      layout_loops_cross, serial_shops, nicolae_shop_hallway_stairs, shop,
          shop, shop, shop
D:3:      minmay_inner_zag, layout_basic, eat_drink_and_be_merry_uskayaw,
          slow_altar_1, st_stairs_10
D:4:      layout_cave_pools, nicolae_overflow_two_pavilions, patterned_corridor

Skill      XL: |  1  2  3  4  5 |
---------------+----------------+-----
Ranged Weapons | 4 5 6 |  6.8
Fighting       | |  2.0
Dodging        | |  1.7
Stealth        | |  0.7

Action                     |  1- 3 |  4- 6 || total
---------------------------+-------+-------++-------
   Fire: Sling             |   138 |   180 ||   318
  Throw: Dart              |     1 |     3 ||     4
  Evoke: Wand              |       |     3 ||     3
 Armour: Leather armour    |     2 |    21 ||    23
  Dodge: Dodged            |     4 |    16 ||    20

Table legend: (Time is in decaauts)
 A = Elapsed time spent in this place.
 B = Non-inter-level travel time spent in this place.
 C = Inter-level travel time spent in this place.
 D = Time resting spent in this place.
 E = Time spent auto-exploring this place.
 F = Levels seen in this place.
 G = Mean time per level.
                   A        B        C        D        E       F      G
               +--------+--------+--------+--------+--------+-----+--------+
         Total |   2497 |   2271 |    226 |    180 |   1762 |   4 |  624.2 |
       Dungeon |   2497 |   2271 |    226 |    180 |   1762 |   4 |  624.2 |
               +--------+--------+--------+--------+--------+-----+--------+

Top non-repeatable levels by time:
     D:3: 1188 daAuts
     D:2: 684 daAuts
     D:1: 571 daAuts
     D:4: 52 daAuts
